 Dungeon Crawl Stone Soup version 0.30.2 (webtiles) character file.

Game seed: 11789147021424361266

9023 porpoise the Spear-Bearer (level 11, 0/79 (84) HPs)
             Began as a Demonspawn Gladiator on Apr 18, 2024.
             Slain by a spectral six-headed hydra (7 damage)
             ... in a Gauntlet.
             The game lasted 00:22:06 (7639 turns).

porpoise the Spear-Bearer (Demonspawn Gladiator)    Turns: 7639, Time: 00:22:06

HP:   0/79 (84)     AC:  9    Str: 19    XL:     11   Next: 17%
MP:   11/11         EV: 18    Int: 10    God:
Gold: 583           SH:  4    Dex: 14    Spells: 10/10 levels left

rFire   + . .        a - +0 trident (venom)
rCold   x . .        (no shield)
rNeg    . . .        P - +0 steam dragon scales
rPois   .            s - +1 helmet
rElec   .            r - +0 cloak
rCorr   .            w - +0 pair of gloves
SInv    .            (no boots)
Will    .....        (no amulet)
Stlth   +            i - +5 ring of evasion
HPRegen 0.33/turn    h - ring of fire
MPRegen 0.12/turn

%: no teleportation
@: mighty, slowed, drained, invisible, very slow
A: large bone plates 1, ignite blood 3, spiny 1, demonic touch 2
a: no special abilities


You were in a Gauntlet.
You visited 2 branches of the dungeon, and saw 10 of its levels.
You also visited: Ossuary and Gauntlet.

You collected 583 gold pieces.

Inventory:

Hand Weapons
 a - a +0 trident of venom (weapon)
 b - a +2 sling of freezing
 C - a +1 demon whip of venom
Missiles
 d - 2 throwing nets (quivered)
 e - a javelin
 q - 25 poisoned darts
 I - a curare-tipped dart
 R - 4 boomerangs
Armour
 r - a +0 cloak (worn)
 s - a +1 helmet (worn)
 w - a +0 pair of gloves (worn)
 z - a scarf of shadows
 P - +0 steam dragon scales (worn)
Jewellery
 h - a ring of fire (right hand)
 i - a +5 ring of evasion (left hand)
 u - a ring of positive energy
 y - an amulet of faith
 B - an amulet of magic regeneration
 N - a +6 ring of dexterity
 W - the ring "Qematur" {Will+ Dex+5}
   (You found it on level 8 of the Dungeon)

   [ring of willpower]

   Dex:       It affects your dexterity (+5).
   Will:      It increases your willpower.
Wands
 o - a wand of mindburst (31)
 O - a wand of polymorph (28)
 S - a wand of flame (23)
 V - a wand of acid (7)
Scrolls
 f - 3 scrolls of fear
 g - 6 scrolls of blinking
 m - 4 scrolls of torment
 n - 4 scrolls of teleportation
 p - a scroll of fog
 t - 3 scrolls of noise
 v - a scroll of immolation {unknown}
 x - a scroll of vulnerability
 D - a scroll of enchant armour
 E - 2 scrolls of amnesia
 F - a scroll of brand weapon
Potions
 c - 4 potions of mutation
 j - a potion of might
 A - 2 potions of brilliance
 G - a potion of ambrosia
 H - 5 potions of curing
 J - a potion of berserk rage {unknown}
 K - 2 potions of flight
 L - a potion of magic {unknown}
 M - 2 potions of invisibility
 Q - 2 potions of lignification {unknown}
 T - a potion of cancellation {unknown}
 U - a potion of haste {unknown}
 X - a potion of attraction {unknown}


   Skills:
 - Level 7.0 Fighting
 - Level 14.0 Polearms
 - Level 1.7 Throwing
 + Level 2.8 Armour
 + Level 4.0 Dodging
 + Level 3.1 Evocations


You had 10 spell levels left.
You didn't know any spells.
Your spell library contained the following spells:

 Spells                   Type           Power      Damage    Failure   Level
 Sting                    Tmut/Pois      0%         1d3       36%         1
 Ensorcelled Hibernation  Hex/Ice        0%         N/A       50%         2
 Gell's Gravitas          Tloc           0%         N/A       75%         3
 Spider Form              Tmut/Pois      0%         N/A       75%         3
 Stone Arrow              Conj/Erth      0%         3d7       75%         3
 Teleport Other           Tloc           0%         N/A       75%         3
 Volatile Blastmotes      Fire/Tloc      0%         2d10      75%         3
 Anguish                  Hex/Necr       0%         N/A       98%         4
 Fulminant Prism          Conj/Hex       0%         3d5       98%         4
 Iskenderun's Mystic Bla  Conj/Tloc      0%         2d3       98%         4
 Petrify                  Tmut/Erth      0%         N/A       98%         4
 Lee's Rapid Deconstruct  Erth           0%         3d4*      100%        5
 Dispersal                Tloc           0%         N/A       100%        6
 Statue Form              Tmut/Erth      0%         N/A       100%        6


Dungeon Overview and Level Annotations

Branches:
Dungeon (9/15)             Temple (0/1) D:7            Lair (1/5) D:8
Ossuary (visited)         Gauntlet (1/1)
    Orc: D:9-12

Altars:

Shops:
D:3 (   D:7 :

Annotations:
Gauntlet 9 transporters, 2 runed translucent doors


Innate Abilities, Weirdness & Mutations

You are partially covered in large bone plates. (SH +4)
Your demonic aura causes all spilled blood to erupt in flames.
You are partially covered in sharp spines.
Your touch may inflict irresistible damage on your foes.


Message History

Unknown command.
You feel very mighty all of a sudden.
The death scarab is struck by your spines.
The death scarab bites you. The death scarab drains your vigour!
You feel as though you will be slow longer.
The death scarab draws strength from your injuries!
It was a potion of invisibility.
You fade into invisibility!
The death scarab misses you. The death scarab closely misses you.
You are too injured to fight recklessly!
You are too injured to fight recklessly!
You block the spectral six-headed hydra's attack.
The spectral six-headed hydra completely misses you.
The spectral six-headed hydra bites you.
You feel drained.
The spectral six-headed hydra bites you but does no damage.
The spectral six-headed hydra completely misses you.
The spectral six-headed hydra bites you.
There is a transporter landing site, spattered with blood here.
You block the spectral six-headed hydra's attack. x2
The spectral six-headed hydra bites you.
* * * LOW HITPOINT WARNING * * *
You feel drained.
The spectral six-headed hydra completely misses you.
You block the spectral six-headed hydra's attack.
The spectral six-headed hydra closely misses you.
You see here a +2 halberd of venom.
You see here a potion of might.
j - a potion of might The spectral six-headed hydra bites you.
* * * LOW HITPOINT WARNING * * *
You feel drained.
* * * LOW HITPOINT WARNING * * *
The spectral six-headed hydra bites you!
* * * LOW HITPOINT WARNING * * *
The spectral six-headed hydra bites you.
* * * LOW HITPOINT WARNING * * *
The spectral six-headed hydra bites you but does no damage.
The spectral six-headed hydra bites you!
You die...

##≈....#©..8#...#...###
##..8.#...©#.8.#......
##≈....#©..8#.⌠.#.8.###
#≈≈.#########.8.#.©....
##≈.#.....B.#...#.8.#.#
##.#.####..#...#.©.# #
##≈.#.....#.#.8.#.8.#
#≈≈.####©.#.#.∩.#.©.#
##≈.#.@Z#.#.#.8.#.8.#
##.##..#.#.#...#.©.# #
##≈.#©#.#...#...#.8.#.#
#≈≈.#########.8.#.©....
##≈....#©..8#.⌠.#.8.###
##..8.#...©#.8.#......
##≈....#©..8#...#...###
#≈≈.#########...#≈≈≈#
##≈.###...###..###≈##


You could see a spectral six-headed hydra.

Vanquished Creatures
  A boulder beetle (Lair:1)
  2 two-headed ogres
  A fire crab (Gauntlet)
  Amaemon (D:8)
  A worldbinder (Gauntlet)
  A black mamba (Lair:1)
  An orange demon (D:8)
  A gargoyle (D:7)
  A komodo dragon (Lair:1)
  Sigmund (D:2)
  A wyvern (D:8)
  2 fire bats (Gauntlet)
  4 steam dragons
  An acid dragon (D:8)
  A water moccasin (D:7)
  Duvessa (D:6)
  An orc warrior (D:8)
  3 sky beasts
  2 black bears
  3 wolves (Lair:1)
  A boggart (Gauntlet)
  An ogre (D:4)
  2 phantoms (D:5)
  5 bullfrogs
  A kobold brigand (D:6)
  2 scorpions
  13 wights
  Dowan (D:6)
  An electric eel (D:6)
  3 hounds
  4 jellies
  Crazy Yiuf (D:3)
  2 gnoll boudas
  An orc priest (D:5)
  3 sleepcaps
  3 iguanas
  2 orc wizards
  8 mummies (Ossuary)
  Robin (D:3)
  6 gnolls
  4 adders
  A shadow imp (D:6)
  2 white imps
  2 ufetubi (D:6)
  A worm (D:2)
  3 dart slugs
  16 orcs
  3 bats
  9 endoplasms
  3 giant cockroaches
  16 goblins
  7 hobgoblins
  9 jackals
  12 kobolds
  3 quokkas
  6 ball pythons
  6 frilled lizards
  4 hobgoblin zombies (Ossuary)
  A kobold zombie (Ossuary)
  3 orc zombies (Ossuary)
  6 rats
208 creatures vanquished.

Notes
Turn   | Place    | Note
-------+----------+-------------------------------------------
     0 | D:1      | porpoise the Demonspawn Gladiator began the quest for the
                  | Orb.
     0 | D:1      | Reached XP level 1. HP: 16/16 MP: 1/1
   168 | D:1      | Reached skill level 3 in Polearms
   185 | D:1      | Gained mutation: Your demonic aura sometimes causes spilled
                  | blood to erupt in flames. [demonic ancestry]
   185 | D:1      | Reached XP level 2. HP: 13/22 MP: 2/2
   964 | D:2      | Gained mutation: You are partially covered in sharp spines.
                  | [demonic ancestry]
   964 | D:2      | Reached XP level 3. HP: 25/28 MP: 3/3
   979 | D:2      | Noticed Sigmund
   987 | D:2      | Killed Sigmund
   988 | D:2      | Reached skill level 4 in Polearms
   988 | D:2      | Reached XP level 4. HP: 24/36 MP: 4/4
   988 | D:2      | Gained mutation: Your touch may inflict minor irresistible
                  | damage on your foes. [demonic ancestry]
   988 | D:2      | Reached XP level 5. HP: 28/41 MP: 5/5
  1348 | D:2      | Reached skill level 5 in Polearms
  1349 | D:2      | Got the Dissertation on Unclean Metal
  1703 | D:3      | Found a runed translucent door.
  1704 | D:3      | Noticed Crazy Yiuf
  1711 | D:3      | Killed Crazy Yiuf
  2004 | D:3      | Noticed Robin
  2022 | D:3      | Killed Robin
  2023 | D:3      | Reached XP level 6. HP: 46/48 MP: 6/6
  2265 | D:3      | Found Qeilul's Weapon Emporium.
  3013 | D:4      | Reached skill level 6 in Polearms
  3386 | D:5      | Entered Level 5 of the Dungeon
  3396 | D:5      | Gained mutation: You are partially covered in large bone
                  | plates. (SH +4) [demonic ancestry]
  3396 | D:5      | Reached XP level 7. HP: 55/55 MP: 7/7
  3474 | D:5      | Found a sand-covered staircase.
  3479 | Ossuary  | Entered an ossuary
  3787 | D:5      | Reached skill level 5 in Fighting
  3933 | D:5      | Reached skill level 7 in Polearms
  3942 | D:5      | Noticed a two-headed ogre
  3952 | D:5      | Killed a two-headed ogre
  3953 | D:5      | Reached skill level 8 in Polearms
  3953 | D:5      | Reached XP level 8. HP: 46/64 MP: 8/8
  4448 | D:6      | Reached skill level 9 in Polearms
  4518 | D:6      | Gained mutation: Your demonic aura often causes spilled
                  | blood to erupt in flames. [demonic ancestry]
  4518 | D:6      | Reached XP level 9. HP: 44/72 MP: 9/9
  5316 | D:6      | Reached skill level 10 in Polearms
  5401 | D:6      | Noticed Duvessa
  5401 | D:6      | Noticed Dowan
  5406 | D:6      | Killed Duvessa
  5409 | D:6      | Killed Dowan
  5580 | D:7      | Noticed a gargoyle
  5600 | D:7      | Killed a gargoyle
  5688 | D:7      | Reached skill level 11 in Polearms
  5893 | D:7      | Noticed a two-headed ogre
  5909 | D:7      | Killed a two-headed ogre
  5910 | D:7      | Reached skill level 12 in Polearms
  5910 | D:7      | Gained mutation: Your touch may inflict irresistible damage
                  | on your foes. [demonic ancestry]
  5910 | D:7      | Reached XP level 10. HP: 38/79 MP: 10/10
  6194 | D:7      | Found Fanocutt's Book Boutique.
  6267 | D:7      | Found a staircase to the Ecumenical Temple.
  6453 | D:8      | Noticed an orange demon
  6464 | D:8      | Noticed Amaemon
  6470 | D:8      | Killed an orange demon
  6471 | D:8      | Reached skill level 13 in Polearms
  6478 | D:8      | Killed Amaemon
  6646 | D:8      | Identified the ring "Qematur" {Will+ Dex+5}
  6851 | D:8      | Found a staircase to the Lair.
  7104 | Lair:1   | Entered Level 1 of the Lair of Beasts
  7161 | Lair:1   | Noticed a black mamba
  7171 | Lair:1   | Killed a black mamba
  7172 | Lair:1   | Reached skill level 14 in Polearms
  7172 | Lair:1   | Reached skill level 1 in Evocations
  7200 | Lair:1   | Noticed a boulder beetle
  7207 | Lair:1   | Reached skill level 1 in Armour
  7215 | Lair:1   | Killed a boulder beetle
  7216 | Lair:1   | Gained mutation: Your demonic aura causes all spilled blood
                  | to erupt in flames. [demonic ancestry]
  7216 | Lair:1   | Reached XP level 11. HP: 37/84 MP: 11/11
  7328 | Lair:1   | Found a gate leading to a gauntlet.
  7337 | Gauntlet | Entered a Gauntlet
  7337 | Gauntlet | Found a transporter.
  7361 | Gauntlet | Found a transporter.
  7364 | Gauntlet | Found a transporter.
  7365 | Gauntlet | Found a transporter.
  7367 | Gauntlet | Noticed a fire crab
  7376 | Gauntlet | Found a transporter.
  7376 | Gauntlet | Found a transporter.
  7377 | Gauntlet | Found a transporter.
  7379 | Gauntlet | Noticed a death scarab
  7389 | Gauntlet | Found a transporter.
  7390 | Gauntlet | Found a transporter.
  7394 | Gauntlet | Found a runed translucent door.
  7396 | Gauntlet | Noticed an entropy weaver
  7397 | Gauntlet | Found a runed translucent door.
  7398 | Gauntlet | Found a transporter.
  7401 | Gauntlet | Found a transporter.
  7402 | Gauntlet | Found a transporter.
  7405 | Gauntlet | Noticed a green death
  7410 | Gauntlet | Found a transporter.
  7446 | Gauntlet | Found a transporter.
  7537 | Gauntlet | Killed a fire crab
  7639 | Gauntlet | Slain by a spectral six-headed hydra

Illustrated notes

Levels and vault maps discovered:
D:1:      tekkud_arrival_beachfront_property, layout_basic
D:2:      layout_loops_corners, uniq_sigmund
D:3:      layout_basic, serial_shops, nicolae_shop_tiny_statue_garden,
          uniq_crazy_yiuf_cottage, uniq_robin
D:4:      layout_cave_pools, serial_bayou, serial_bayou_pond_e,
          serial_bayou_crossing, serial_bayou_lake_a, serial_bayou_shore_a,
          serial_bayou_pond_b
D:5:      layout_cave_pools, mainiacjoe_overflow_small_starburst,
          enter_ossuary_2
D:6:      cheibrodos_steamvent, layout_basic, nicolae_lava_and_water,
          uniq_duvessa
D:7:      layout_cave_pools, minmay_temple_entry_from_below_a, serial_shops,
          nicolae_shop_real_fake_doors
D:8:      layout_rooms, grunt_lair_entry_orc_guard_hut, uniq_amaemon
D:9:      hangedman_cross_veins, layout_irregular_city,
          grunt_temple_overflow_open, nemelex_xobeh_ov_fountains_minmay,
          dk_noncrumbling_3, grunt_ministairs_7, uniq_harold
Lair:1:   layout_hall_layers, gauntlet_entry_generic, basic_altar, minivault_23,
          minivault_27
Gauntlet: gammafunk_gauntlet_77_escape_option [minmay_gauntlet_arena_77_fan,
          minmay_gauntlet_arena_77_double_cross,
          minmay_gauntlet_arena_77_radiant_squares,
          minmay_gauntlet_arena_77_cramped,
          minmay_gauntlet_arena_77_broken_ladder,
          nicolae_gauntlet_exit_dead_adventurers]

Skill      XL: |  1  2  3  4  5  6  7  8  9 10 11 |
---------------+----------------------------------+-----
Polearms       | 3 4 5 6 8 9 12 14 | 14.0
Fighting       | 3 4 6 7 |  7.0
Evocations     | 2 3 |  3.1
Armour         | 1 2 |  2.8
Dodging        | 3 4 |  4.0
Throwing       | |  1.7

Action                     |  1- 3 |  4- 6 |  7- 9 | 10-12 || total
---------------------------+-------+-------+-------+-------++-------
  Melee: Trident           |    81 |   136 |   205 |   168 ||   590
         Punch             |     1 |       |     1 |       ||     2
         Touch             |       |    17 |    34 |    34 ||    85
   Fire: Sling             |       |       |    36 |       ||    36
  Throw: Throwing net      |       |       |     1 |       ||     1
  Evoke: Wand              |       |       |     1 |       ||     1
    Use: Scroll            |     2 |     7 |    11 |     1 ||    21
         Potion            |       |       |     1 |     5 ||     6
   Stab: Held in net/web   |       |       |     1 |       ||     1
         Sleeping          |       |       |       |     1 ||     1
 Armour: Leather armour    |     8 |       |       |       ||     8
         Ring mail         |     2 |    19 |    17 |       ||    38
         Steam dragon scal |       |       |    14 |    23 ||    37
  Dodge: Dodged            |    40 |    48 |    85 |    72 ||   245
  Block: Other             |       |       |    16 |    15 ||    31
